Map: Ephemeron LE

Players

Special

  • Race: Terran Terran
  • League: Master
  • Spawn Location: 11:00

lIIllllIIlll (INnoVation) - Winner!

  • Race: Terran Terran
  • League: Master
  • Spawn Location: 5:00

Event: HomeStory Cup XX

VOD

Have the link to the VOD?

Description

Time

  • Played on: Nov. 23, 2019, 8:56 a.m.
  • Length: 11:07

All games in this series

Show
View Real Time Build Order
Export as new Build Order

Special Terran 

Build Orders: Mech 

Get SALT Encoding   

  12  0:00  SCV  
  13  0:13  SCV  
  14  0:17  Supply Depot  
  14  0:25  SCV  
  14  0:27  Refinery  
  15  0:38  SCV  
  16  0:44  Barracks  
  16  0:51  SCV  
  16  0:55  Refinery  
  17  1:03  SCV  
  18  1:15  SCV  
  19  1:31  Factory  
  19  1:32  Orbital Command  
  19  1:34  Reaper  
  20  1:43  Supply Depot  
  20  1:57  SCV  
  21  2:06  Reaper  
  22  2:10  SCV  
  23  2:16  Hellion  
  23  2:22  SCV  
  26  2:33  Command Center  
  26  2:43  Hellion, Reaper, SCV  
  29  2:48  Supply Depot  
  29  2:55  SCV  
  30  3:00  Starport  
  28  3:15  Factory Tech Lab  
  28  3:16  Barracks Tech Lab, SCV  
  29  3:28  SCV  
  29  3:33  Cyclone  
  33  3:36  Refinery  
  33  3:40  SCV  
  33  3:41  Barracks Reactor  
  32  3:49  Orbital Command  
  32  3:53  Refinery, SCV  
  32  3:54  Raven  
  35  4:05  SCV  
  36  4:12  Siege Tank  
  36  4:15  SCV  
  40  4:19  SCV  
  41  4:27  Factory  
  41  4:28  SCV  
  42  4:34  Factory  
  42  4:35  SCV  
  43  4:40  SCV  
  44  4:46  Starport Reactor, Supply Depot  
  44  4:47  SCV  
  44  4:49  Siege Tank  
  44  4:52  SCV  
  49  4:59  SCV  
  50  5:04  SCV  
  51  5:11  Supply Depot, SCV  
  51  5:13  Hellion x2  
  56  5:16  SCV  
  56  5:17  Supply Depot  
  57  5:21  Siege Tank  
  57  5:24  SCV  
  61  5:33  Viking x2  
  61  5:34  Supply Depot  
  65  5:36  SCV  
  65  5:38  SCV  
  70  5:42  Siege Tank  
  70  5:47  Supply Depot  
  70  5:53  SCV x2  
  70  5:56  Supply Depot  
  72  5:59  Hellion x2  
  72  6:02  Siege Tank  
  79  6:09  Viking  
  81  6:11  Viking  
  81  6:13  Supply Depot  
  81  6:16  SCV  
  81  6:17  SCV  
  85  6:23  Hellion x2  
  89  6:28  Siege Tank  
  92  6:35  Supply Depot  
  92  6:39  Siege Tank  
  95  6:44  Hellion x2  
  99  6:47  Viking  
  97  6:59  SCV x2  
  97  7:05  Hellion x2  
  97  7:06  Siege Tank  
  104  7:11  Siege Tank  
  104  7:13  Supply Depot x2  
  104  7:14  Viking  
  109  7:17  Viking  
  109  7:35  SCV x2  
  111  7:39  Supply Depot  
  111  7:40  Hellion, Supply Depot  
  111  7:41  Hellion, Siege Tank  
  111  7:43  Siege Tank  
  121  7:51  Viking x2  
  119  8:13  Command Center  
  119  8:19  Hellion x2, Siege Tank  
  126  8:21  Siege Tank  
  129  8:33  Viking x2  
  133  8:49  SCV x2  
  133  8:53  Hellion x2, Siege Tank x2  
  145  9:00  Supply Depot  
  145  9:02  Supply Depot  
  141  9:18  Hellion x2  
  142  9:24  Viking  
  142  9:25  Viking, Siege Tank  
  142  9:29  Siege Tank  
  144  9:35  SCV  
  132  9:39  Hellion  
  125  9:47  SCV x2  
  125  9:49  Barracks  
  127  9:54  Hellion, Viking  
  127  9:55  Viking  
  133  10:00  Siege Tank  
  136  10:12  SCV x2  
  127  10:29  Siege Tank  
  127  10:30  Hellion  
  127  10:32  Siege Tank  
  127  10:34  SCV x2  
  127  10:35  Viking  
  104  10:37  Viking  
  106  10:53  Refinery x2  
Show
View Real Time Build Order
Export as new Build Order

lIIllllIIlll Terran - Winner!

Build Orders: Gas First Reaper Expand 

Get SALT Encoding   

  12  0:00  SCV  
  13  0:12  SCV  
  14  0:17  Supply Depot  
  14  0:25  SCV  
  14  0:27  Refinery  
  15  0:38  SCV  
  16  0:45  Barracks  
  16  0:50  SCV  
  17  1:02  SCV  
  18  1:15  SCV  
  19  1:31  Orbital Command  
  19  1:32  Reaper  
  20  1:46  Command Center  
  20  1:58  Factory  
  20  2:01  SCV  
  20  2:05  Barracks Reactor  
  21  2:13  SCV  
  22  2:15  Supply Depot  
  22  2:19  Refinery  
  22  2:26  SCV  
  23  2:38  SCV  
  23  2:42  Marine x2  
  23  2:43  Hellion  
  28  2:50  SCV  
  29  2:52  Starport  
  29  2:56  Supply Depot  
  29  3:02  SCV  
  29  3:04  Marine  
  31  3:07  Factory Tech Lab  
  31  3:10  Marine  
  30  3:14  SCV  
  31  3:23  Marine  
  31  3:26  SCV  
  33  3:27  Marine  
  34  3:38  SCV  
  35  3:42  Marine  
  35  3:43  Raven  
  35  3:44  Orbital Command  
  35  3:45  Marine  
  37  3:53  Factory Tech Lab  
  37  3:54  SCV  
  38  4:00  Marine  
  39  4:03  Marine  
  38  4:10  SCV x2  
  38  4:13  Siege Tank  
  43  4:20  Command Center  
  43  4:23  SCV x2  
  45  4:31  Supply Depot  
  45  4:35  SCV x2  
  45  4:38  Stimpack  
  47  4:39  Barracks  
  47  4:40  Starport Reactor  
  47  4:47  SCV x2  
  47  4:49  Marine  
  47  4:51  Barracks  
  50  4:59  Supply Depot, SCV x2  
  52  5:02  Siege Tank  
  55  5:10  Marine, Refinery x2  
  55  5:11  SCV x2  
  58  5:21  Engineering Bay  
  58  5:22  Engineering Bay  
  58  5:23  SCV x2  
  58  5:25  Starport Reactor  
  58  5:26  Marine  
  58  5:27  Marine  
  62  5:33  Orbital Command  
  62  5:35  SCV x2  
  62  5:40  Viking  
  66  5:46  Viking  
  66  5:49  SCV  
  69  5:50  SCV  
  69  5:53  Barracks Tech Lab  
  70  5:57  Marine x2  
  70  5:58  Siege Tank  
  70  6:03  Supply Depot  
  75  6:10  Viking  
  77  6:15  Combat Shield  
  77  6:16  Viking  
  79  6:19  Supply Depot, SCV  
  79  6:23  Marauder x2  
  79  6:25  Marine x2  
  85  6:32  Supply Depot  
  86  6:35  Barracks  
  86  6:36  Barracks  
  86  6:40  Terran Infantry Weapons Level 1  
  86  6:41  Terran Infantry Armor Level 1  
  86  6:45  Siege Tank  
  89  6:50  Marine x2  
  90  6:55  Marauder x2  
  90  7:00  SCV x2  
  90  7:01  Supply Depot  
  94  7:03  Medivac  
  94  7:08  Medivac, Supply Depot  
  98  7:09  Marine  
  98  7:10  Marine  
  98  7:13  SCV x2  
  102  7:17  Marauder x2  
  105  7:24  Siege Tank  
  105  7:29  SCV x2  
  110  7:32  Supply Depot  
  110  7:35  Barracks Reactor  
  111  7:39  Marauder x2, Marine x2  
  111  7:42  Barracks Tech Lab, SCV x2  
  111  7:44  Viking  
  120  7:47  Supply Depot x2  
  120  7:49  Viking  
  122  7:54  Orbital Command, SCV  
  122  7:55  SCV  
  124  8:00  Marine x2  
  124  8:01  Siege Tank  
  128  8:09  Supply Depot, SCV x2  
  130  8:16  Viking  
  130  8:19  Viking  
  134  8:20  SCV  
  134  8:21  SCV x2  
  134  8:25  Refinery  
  134  8:26  Refinery  
  137  8:30  Marauder x3  
  143  8:36  Siege Tank  
  142  8:44  Marine x4  
  142  8:45  SCV x3  
  149  8:50  Viking x2  
  153  9:01  Marauder  
  153  9:02  Marauder  
  157  9:12  Marine  
  157  9:19  Marine  
  157  9:20  Marauder  
  157  9:22  Viking  
  156  9:25  Viking  
  156  9:31  Marauder x2  
  149  9:36  Marine x3  
  149  9:37  Marine  
  145  9:39  Siege Tank  
  145  9:41  Marauder  
  139  9:52  Marauder x2  
  142  9:53  Medivac  
  142  9:54  Marine x3  
  142  9:55  Marine, Medivac  
  142  9:59  Armory  
  150  10:01  SCV x2  
  150  10:03  Marauder  
  152  10:13  SCV x2  
  154  10:17  Marauder  
  156  10:21  Supply Depot  
  156  10:22  Supply Depot  
  155  10:28  Marauder x2  
  155  10:29  Medivac x2  
  155  10:33  SCV x2  
  151  10:36  Orbital Command  
  154  10:52  Command Center  
Tags
 
Add a new tag
Caveats
  • Supply blocks, unpowered buildings, or Contaminate may cause inaccurate times.
  • Supply counts are checked every 10 seconds.